 Dungeon Crawl Stone Soup version 0.29-a0-925-g0a7a3d12f8 (webtiles) character file.

Game seed: 13372166937260321402

417 greasedhog the Ducker (level 6, -2/35 HPs)
             Began as a Gargoyle Hunter on July 29, 2022.
             Was a Follower of Dithmenos.
             Slain by a gnoll
             ... wielding a +2 flail of protection
             ... led by a gnoll bouda
              (4 damage)
             ... on level 5 of the Dungeon.
             The game lasted 00:05:42 (3444 turns).

greasedhog the Ducker (Gargoyle Hunter)             Turns: 3444, Time: 00:05:43

Health: -2/35      AC: 14    Str: 15    XL:     6   Next: 93%
Magic:  0/6        EV: 13    Int:  9    God:    Dithmenos [*.....]
Gold:   193        SH:  0    Dex: 15    Spells: 5/5 levels left

rFire   . . .      SeeInvis .   b - +0 short sword
rCold   . . .      Faith    .   (no shield)
rNeg    + . .      Spirit   +   c - +1 leather armour
rPois   ∞          Reflect  .   (no helmet)
rElec   +          Harm     .   (no cloak)
rCorr   .          Rampage  .   q - +0 pair of gloves
Will    .....                   p - +0 pair of boots
Stlth   +++.......              d - amulet of guardian spirit
HPRegen 0.11/turn               C - +4 ring of protection
MPRegen 0.10/turn               (no ring)

@: wreathed by umbra
A: sickness immunity, AC +4, negative energy resistance 1, electricity
resistance, torment resistance 1, petrification resistance
a: Renounce Religion


You were on level 5 of the Dungeon.
You worshipped Dithmenos.
Dithmenos was aware of your devotion.
You visited 2 branches of the dungeon, and saw 6 of its levels.

You collected 193 gold pieces.

Inventory:

Hand Weapons
 a - a +0 shortbow
 b - a +0 short sword (weapon)
Armour
 c - a +1 leather armour (worn)
 p - a +0 pair of boots (worn)
 q - a +0 pair of gloves (worn)
Jewellery
 d - an amulet of guardian spirit (around neck)
 C - a +4 ring of protection (left hand)
Wands
 n - a wand of digging (5)
Scrolls
 g - a scroll of enchant armour
 i - a scroll of magic mapping
 k - a scroll of brand weapon {unknown}
 o - a scroll of teleportation
 r - a scroll of fog
 u - 4 scrolls of identify
 w - a scroll of noise {unknown}
 y - a scroll of fear {unknown}
 z - 2 scrolls of amnesia {unknown}
 E - 3 scrolls of immolation
Potions
 e - 3 potions of brilliance
 h - 2 potions of haste {unknown}
 j - a potion of lignification {unknown}
 l - a potion of resistance {unknown}
 m - 2 potions of flight {unknown}
 s - a potion of curing {unknown}
 t - a potion of invisibility {unknown}
 v - a potion of degeneration {unknown}
 x - a potion of attraction {unknown}
 A - 2 potions of mutation {unknown}
 B - a potion of might
 D - a potion of magic {unknown}


   Skills:
 - Level 2.2 Fighting
 - Level 3.0 Long Blades
 - Level 4.0 Ranged Weapons
 * Level 4.2 Dodging
 * Level 4.1 Stealth


You had 5 spell levels left.
You didn't know any spells.
Your spell library contained the following spells:

 Spells                   Type           Power      Damage    Failure   Level
 Gell's Gravitas          Tloc           0%         N/A       83%         3
 Lesser Beckoning         Tloc           0%         N/A       83%         3
 Teleport Other           Tloc           0%         N/A       83%         3


Dungeon Overview and Level Annotations

Branches:
Dungeon (5/15)             Temple (1/1) D:4

Altars:
Cheibriados
Dithmenos
Elyvilon
Kikubaaqudgha
Qazlal
Trog
Uskayaw
Vehumet
Wu Jian
Xom
Zin
The Shining One


Innate Abilities, Weirdness & Mutations

You are immune to sickness and miasma.
Your stone body is resilient. (AC +4)
You are immune to poison.
You resist negative energy. (rN+)
You are resistant to electric shocks. (rElec)
You are resistant to unholy torment.
You are immune to petrification.


Message History

The gnoll is severely wounded.
The gnoll hits you with a +2 flail of protection!
* * * LOW HITPOINT WARNING * * *
You hit the gnoll.
The gnoll is almost dead.
The gnoll hits you but does no damage.
You hit the gnoll but do no damage.
The gnoll is almost dead.
The gnoll barely misses you.
You closely miss the gnoll.
The gnoll is almost dead.
The gnoll closely misses you.
You barely miss the gnoll.
The gnoll is almost dead.
The gnoll hits you but does no damage.
You hit the gnoll but do no damage.
The gnoll is almost dead.
The gnoll closely misses you.
You barely miss the gnoll.
The gnoll is almost dead.
The gnoll hits you with a +2 flail of protection.
* * * LOW HITPOINT WARNING * * *
You barely miss the gnoll.
The gnoll is almost dead.
The gnoll barely misses you.
You closely miss the gnoll.
The gnoll is almost dead.
The gnoll hits you but does no damage.
You barely miss the gnoll.
The gnoll is almost dead.
The gnoll misses you.
You hit the gnoll but do no damage.
The gnoll is almost dead.
The gnoll hits you with a +2 flail of protection.
* * * LOW HITPOINT WARNING * * *
You hit the gnoll but do no damage.
The gnoll is almost dead.
The gnoll hits you but does no damage.
The gnoll hits you with a +2 flail of protection.
You die...

###################
#.................#
#.................#
#.................+
+.................#
#.................#
##@##+###...###..##
####g##.###...###..##
#........#......#....
#........#.....)))...
#........#......#....
+........#......#....
#........#......#....
....####+###.##.##..##
###... #. #.######


You could see a gnoll.

Vanquished Creatures
  2 necrophages (D:5)
  A hound (D:4)
  Jessica (D:2)
  An iguana (D:4)
  Natasha (twice) (D:4)
  2 gnolls (D:5)
  5 adders
  A white imp (D:5)
  An ufetubus (D:5)
  A worm (D:2)
  2 dart slugs
  6 orcs
  3 bats
  9 endoplasms
  7 giant cockroaches
  2 goblins (D:2)
  4 hobgoblins
  2 jackals (D:4)
  6 kobolds
  3 quokkas
  12 ball pythons
  3 frilled lizards (D:1)
  4 rats
80 creatures vanquished.

Vanquished Creatures (others)
  A wizard (D:3)
1 creature vanquished.

Grand Total: 81 creatures vanquished

Notes
Turn   | Place    | Note
-------+----------+-------------------------------------------
     0 | D:1      | greasedhog the Gargoyle Hunter began the quest for the Orb.
     0 | D:1      | Reached XP level 1. HP: 12/12 MP: 1/1
   119 | D:1      | Reached XP level 2. HP: 17/17 MP: 2/2
   145 | D:1      | Reached skill level 1 in Long Blades
   320 | D:1      | Found a faded altar of an unknown god.
   500 | D:1      | Reached XP level 3. HP: 21/21 MP: 3/3
   646 | D:2      | Noticed Jessica
   650 | D:2      | Killed Jessica
   738 | D:2      | Found a glowing silver altar of Zin.
   798 | D:2      | Reached XP level 4. HP: 26/26 MP: 4/4
  1382 | D:3      | Found a hide-covered altar of Uskayaw.
  1678 | D:3      | Found a bloodstained altar of Trog.
  1679 | D:3      | Noticed a wizard
  1684 | D:3      | Killed a wizard
  1915 | D:4      | Found a radiant altar of Vehumet.
  2092 | D:4      | Noticed Natasha
  2095 | D:4      | Killed Natasha
  2096 | D:4      | Reached XP level 5. HP: 30/30 MP: 5/5
  2115 | D:4      | Found a staircase to the Ecumenical Temple.
  2125 | Temple   | Entered the Ecumenical Temple
  2141 | Temple   | Became a worshipper of Dithmenos the Shadowed
  2214 | D:4      | Noticed Natasha
  2223 | D:4      | Killed Natasha
  2588 | D:4      | Reached XP level 6. HP: 13/35 MP: 2/6
  3007 | D:5      | Entered Level 5 of the Dungeon
  3313 | D:5      | Reached * piety under Dithmenos
  3444 | D:5      | Slain by a gnoll

Illustrated notes

Levels and vault maps discovered:
D:1:      dreamdust_arrival_beginning_and_end, layout_rooms,
          shapermc_ecumenical_altar_ellora
D:2:      layout_rooms, serial_curves, eino_curves_02, eino_curves_01,
          eino_curves_04, basic_altar, uniq_jessica
D:3:      layout_rooms, eat_drink_and_be_merry_uskayaw, trog_wizard
D:4:      layout_loops_corners, nicolae_vehumet_altar_sigil,
          minmay_temple_entry_tees, minmay_snake_closets, uniq_natasha
D:5:      layout_gridville, kennysheep_mini, bloody_makhleb,
          nicolae_shop_unique_rings, uniq_edmund
Temple:   hellmonk_temple_rainy

Skill      XL: |  1  2  3  4  5  6 |
---------------+-------------------+-----
Dodging        | 2 3 4 |  4.2
Long Blades    | 1 2 3 |  3.0
Stealth        | 2 4 |  4.1
Fighting       | |  2.2
Ranged Weapons | |  4.0

Action                   |  1- 3 |  4- 6 || total
-------------------------+-------+-------++-------
Melee: Dagger            |       |    22 ||    22
       Short sword       |       |    25 ||    25
       Punch             |       |     1 ||     1
 Fire: Shortbow          |    66 |   198 ||   264
  Use: Scroll            |     5 |     2 ||     7
       Potion            |       |     1 ||     1
Armor: Leather armour    |     9 |    63 ||    72
Dodge: Dodged            |     7 |   123 ||   130

Table legend: (Time is in decaauts)
 A = Elapsed time spent in this place.
 B = Non-inter-level travel time spent in this place.
 C = Inter-level travel time spent in this place.
 D = Time resting spent in this place.
 E = Time spent auto-exploring this place.
 F = Levels seen in this place.
 G = Mean time per level.
                   A        B        C        D        E       F      G
               +--------+--------+--------+--------+--------+-----+--------+
         Total |   3525 |   3400 |    125 |      0 |   2770 |   6 |  587.5 |
       Dungeon |   3500 |   3386 |    114 |      0 |   2761 |   5 |  700.0 |
        Temple |     24 |     13 |     11 |      0 |      9 |   1 |   24.0 |
               +--------+--------+--------+--------+--------+-----+--------+

Top non-repeatable levels by time:
     D:4: 1233 daAuts
     D:1: 663 daAuts
     D:3: 604 daAuts
     D:2: 547 daAuts
     D:5: 451 daAuts
  Temple: 24 daAuts
